 Dungeon Crawl Stone Soup version 0.29.1-12-g30fa7ad0bf (webtiles) character file.

Game seed: 17969766781640073417

10198 mopl the Tainter (level 11, -6/66 (75) HPs)
             Began as a Formicid Warper on Jan 15, 2023.
             Was a High Priest of Okawaru.
             Mangled by a spectral orc knight
             ... wielding a +0 great mace
             ... summoned by Nergalle
              (19 damage)
             ... on level 10 of the Dungeon.
             The game lasted 00:13:33 (9726 turns).

mopl the Tainter (Formicid Warper)                  Turns: 9726, Time: 00:13:33

HP:   -6/66 (75)    AC: 13    Str: 19    XL:     11   Next: 88%
MP:   10/17         EV: 13    Int: 14    God:    Okawaru [*****.]
Gold: 432           SH:  0    Dex: 10    Spells: 12/16 levels left

rFire   + . .      SeeInvis +   a - +3 war axe of Death {drain, rElec rF+ rC+ Dex-3}
rCold   + . .      Faith    .   (no shield)
rNeg    + . .      Spirit   .   I - +3 chain mail
rPois   .          Reflect  .   (helmet unavailable)
rElec   +          Harm     .   (no cloak)
rCorr   .          Rampage  .   (no gloves)
Will    +....                   (no boots)
Stlth   ..........              r - amulet of regeneration
HPRegen 1.01/turn               j - +4 ring of evasion
MPRegen 0.15/turn               J - ring of positive energy

@: heroic, finesse-ful, heavily drained
A: permanent stasis, dig shafts and tunnels, antennae 3, four strong arms
a: Dig, Shaft Self, Renounce Religion, Heroism, Finesse, Duel


You were on level 10 of the Dungeon.
You worshipped Okawaru.
Okawaru was extremely pleased with you.
You visited 2 branches of the dungeon, and saw 11 of its levels.

You collected 432 gold pieces.

Inventory:

Hand Weapons
 a - the +3 war axe of Death (weapon) {drain, rElec rF+ rC+ Dex-3}
   (You found it on level 4 of the Dungeon)

   A truly terrible weapon, it drains the life of any living foe it strikes.
   Dex:       It affects your dexterity (-3).
   rF:        It protects you from fire.
   rC:        It protects you from cold.
   rElec:     It insulates you from electricity.
 K - a +5 trident of freezing
Missiles
 c - 7 boomerangs of dispersal
 i - 3 javelins
 n - 15 boomerangs
 o - 6 curare-tipped darts
 s - 28 poisoned darts (quivered)
 P - 6 atropa-tipped darts
Armour
 I - a +3 chain mail (worn)
 M - a +0 plate armour of cold resistance
Jewellery
 d - a +4 ring of protection
 j - a +4 ring of evasion (left hand)
 m - a +6 ring of dexterity
 r - an amulet of regeneration (around neck)
 v - a ring of flight
 J - a ring of positive energy (right hand)
Wands
 L - a wand of polymorph (7)
 N - a wand of quicksilver (9)
 O - a wand of roots (7)
Scrolls
 b - 5 scrolls of poison {unknown}
 f - 2 scrolls of silence {unknown}
 t - 2 scrolls of fog {unknown}
 u - a scroll of vulnerability {unknown}
 w - 3 scrolls of magic mapping {unknown}
 x - 2 scrolls of enchant weapon {unknown}
 y - 2 scrolls of enchant armour {unknown}
 A - a scroll of torment {unknown}
 B - 2 scrolls of fear {unknown}
 C - 3 scrolls of teleportation {unknown}
 D - 2 scrolls of amnesia {unknown}
 E - a scroll of immolation {unknown}
 F - a scroll of summoning {unknown}
 H - 3 scrolls of identify
 Q - a scroll of noise {unknown}
Potions
 e - 7 potions of brilliance
 g - 6 potions of heal wounds
 h - a potion of flight
 k - a potion of invisibility
 l - 2 potions of lignification {!q}
 p - 3 potions of curing
 q - 2 potions of mutation {!q}
 z - 3 potions of ambrosia
 G - a potion of resistance


   Skills:
 + Level 3.1(8.1) Fighting
 + Level 12.2(17.2) Axes
 + Level 2.2(7.2) Throwing
 + Level 2.5(7.5) Armour
 + Level 2.5(7.5) Dodging
 + Level 3.0 Spellcasting
 - Level 2.6 Translocations
 - Level 13.0 Poison Magic
 - Level 8.0 Invocations
 + Level 2.0 Evocations


You had 12 spell levels left.
You knew the following spells:

 Your Spells              Type           Power      Damage    Failure   Level
o - Olgreb's Toxic Radia  Pois           38%        N/A       9%          4

Your spell library contained the following spells:

 Spells                   Type           Power      Damage    Failure   Level
 Sting                    Tmut/Pois      80%        1d7       13%         1
 Poisonous Vapours        Pois/Air       40%        N/A       21%         2
 Gell's Gravitas          Tloc           9%         N/A       88%         3
 Lesser Beckoning         Tloc           9%         N/A       88%         3
 Teleport Other           Tloc           9%         N/A       88%         3
 Portal Projectile        Hex/Tloc       10%        N/A       97%         3
 Dazzling Flash           Conj/Hex       4%         N/A       99%         3
 Iskenderun's Mystic Bla  Conj/Tloc      5%         2d3       100%        4
 Leda's Liquefaction      Hex/Erth       1%         N/A       100%        4
 Agony                    Necr           2%         N/A       100%        5
 Manifold Assault         Tloc           9%         N/A       100%        5
 Silence                  Hex/Air        1%         N/A       100%        5
 Dispersal                Tloc           4%         N/A       100%        6
 Starburst                Conj/Fire      1%         6d3       100%        6
 Blink                    Tloc           Unusable   N/A       N/A         2
 Call Canine Familiar     Summ           Unusable   N/A       N/A         3

Dungeon Overview and Level Annotations

Branches:
Dungeon (10/15)            Temple (1/1) D:4            Lair (0/5) D:9
    Orc (0/2) D:10

Altars:
Ashenzari
Cheibriados
Dithmenos
Elyvilon
Fedhas
Gozag
Hepliaklqana
Kikubaaqudgha
Makhleb
Nemelex Xobeh
Okawaru
Qazlal
Ru
Sif Muna
Trog
Uskayaw
Vehumet
Wu Jian
Xom
Yredelemnul
Zin
The Shining One

Shops:
D:2 *

Annotations:
D:10 Nergalle


Innate Abilities, Weirdness & Mutations

You cannot be hasted, slowed, berserked, paralysed or teleported.
You can dig through walls and to a lower floor.
You have a pair of large antennae on your head. (SInv)
Your four strong arms can wield two-handed weapons with a shield.


Message History

The spectral orc warrior misses you.
The spectral orc warrior hits you with a +0 scimitar.
You partially resist.
You feel drained.
You can now deal lightning-fast blows.
The spectral orc warrior misses you.
The spectral orc warrior hits you from afar with a +2 vorpal trident!
You partially resist.
You feel drained.
The spectral orc warrior closely misses you.
The spectral orc knight hits you with a +0 great mace!
* * * LOW HITPOINT WARNING * * *
You partially resist.
You feel drained.
* * * LOW HITPOINT WARNING * * *
The spectral orc warrior misses you.
Unknown command.
Unknown command.
You feel much better.
The spectral orc warrior hits you but does no damage.
Nergalle gestures at you while chanting.
The bolt of negative energy hits the spectral orc knight.
The spectral orc knight completely resists.
The bolt of negative energy misses you.
The bolt of negative energy hits the spectral orc warrior.
The spectral orc warrior completely resists.
The spectral orc warrior hits you from afar with a +2 vorpal trident.
The spectral orc hits you but does no damage.
The spectral orc warrior hits you but does no damage.
The spectral orc knight hits you with a +0 great mace!!
* * * LOW HITPOINT WARNING * * *
You partially resist.
You feel drained.
The spectral orc warrior hits you but does no damage.
The spectral orc warrior hits you with a +0 scimitar.
* * * LOW HITPOINT WARNING * * *
Unknown command.
Unknown command.
Okay, then.
Okay, then.
Nergalle mutters something.
Nergalle drinks a potion.
Nergalle suddenly seems more resistant.
The spectral orc knight hits you with a +0 great mace!!
You die...

.......# .......# ..
...# ..###### ....#.#
..# #.#...# ..#
#.#...# # ..# #
##.....#.# ..#######
#.##........#
........#
#..Z...)....#
##......# ###ZZ@..#
#......# #..ZZZ..#
#......####.###.Z.#
#...........# #...o...
#.......###.###.#.##..
#######...#...#.#.# #
###.#.#.#....
#.....###..# #.###.#


You could see Nergalle (resistant), a spectral orc (summoned), 5 spectral orc
warriors and a spectral orc knight (summoned).

Vanquished Creatures
  2 two-headed ogres (D:8)
  3 kobold demonologists (D:10)
  A troll (D:9)
  A hornet (D:9)
  17 yaks
  A wyvern (D:9)
  A steam dragon (D:8)
  2 acid dragons
  2 wargs (D:9)
  4 water moccasins
  2 orc warriors (D:9)
  3 ice beasts
  A sky beast (D:8)
  A black bear (D:4)
  6 centaurs
  An ogre (D:5)
  3 kobold brigands
  2 phantoms (D:6)
  A gnoll sergeant (D:9)
  3 scorpions
  2 bullfrogs
  A necrophage (D:5)
  3 wights (D:8)
  17 killer bees
  2 vampire bats (D:7)
  3 howler monkeys
  6 hounds
  A jelly (D:8)
  A gnoll bouda (D:6)
  7 orc priests
  3 iguanas
  Jessica (D:2)
  12 orc wizards
  7 adders
  10 gnolls
  A shadow imp (D:7)
  2 white imps (D:8)
  2 worms (D:2)
  5 dart slugs
  48 orcs
  7 ball pythons
  4 bats
  3 bat skeletons (D:7)
  3 bat zombies (D:7)
  2 endoplasms
  2 giant cockroaches
  9 goblins
  5 hobgoblins
  3 jackals (D:1)
  11 kobolds
  2 quokkas
  4 frilled lizards
  6 rats
252 creatures vanquished.

Notes
Turn   | Place    | Note
-------+----------+-------------------------------------------
     0 | D:1      | mopl the Formicid Warper began the quest for the Orb.
     0 | D:1      | Reached XP level 1. HP: 16/16 MP: 3/3
   431 | D:1      | Reached XP level 2. HP: 17/22 MP: 5/5
   605 | D:1      | Reached skill level 3 in Axes
   662 | D:1      | Found a faded altar of an unknown god.
   802 | D:1      | Reached XP level 3. HP: 13/27 MP: 6/6
  1439 | D:2      | Found a hazy altar of Hepliaklqana.
  1442 | D:2      | Noticed Jessica
  1733 | D:2      | Killed Jessica
  1734 | D:2      | Reached skill level 4 in Axes
  1734 | D:2      | Reached XP level 4. HP: 10/33 MP: 7/7
  1969 | D:2      | Found Plog's General Store.
  2549 | D:2      | Reached XP level 5. HP: 29/38 MP: 8/8
  2767 | D:2      | Learned a level 4 spell: Olgreb's Toxic Radiance
  2937 | D:3      | Found a white marble altar of Elyvilon.
  3615 | D:4      | Reached skill level 5 in Axes
  3615 | D:4      | Reached skill level 2 in Poison Magic
  3938 | D:4      | Found a shadowy altar of Dithmenos.
  3993 | D:4      | Reached XP level 6. HP: 44/44 MP: 9/9
  4023 | D:4      | Reached skill level 3 in Poison Magic
  4043 | D:4      | Found a staircase to the Ecumenical Temple.
  4141 | Temple   | Entered the Ecumenical Temple
  4447 | D:4      | Found a shimmering blue altar of Sif Muna.
  4447 | D:4      | Found a radiant altar of Vehumet.
  4504 | D:4      | Noticed a black bear
  4511 | D:4      | Killed a black bear
  4512 | D:4      | Reached skill level 6 in Axes
  4512 | D:4      | Reached skill level 4 in Poison Magic
  4512 | D:4      | Reached XP level 7. HP: 48/50 MP: 10/10
  4531 | D:4      | Noticed a water moccasin
  4548 | D:4      | Killed a water moccasin
  4549 | D:4      | Reached skill level 5 in Poison Magic
  4794 | D:4      | Identified the +3 war axe of Death {drain, rElec rF+ rC+
                  | Dex-3}
  5032 | D:5      | Entered Level 5 of the Dungeon
  5139 | D:5      | Noticed a water moccasin
  5148 | D:5      | Killed a water moccasin
  5269 | D:5      | Reached skill level 7 in Axes
  5269 | D:5      | Reached skill level 6 in Poison Magic
  5269 | D:5      | Reached XP level 8. HP: 56/56 MP: 11/11
  5317 | D:5      | Reached skill level 7 in Poison Magic
  5825 | D:6      | Found a snail-covered altar of Cheibriados.
  5862 | D:6      | Reached skill level 8 in Axes
  5862 | D:6      | Reached skill level 8 in Poison Magic
  5876 | D:6      | Found a glowing golden altar of the Shining One.
  6091 | D:6      | Found a broken altar of Ashenzari.
  6109 | D:6      | Reached XP level 9. HP: 52/61 MP: 12/12
  6142 | D:6      | Reached skill level 9 in Poison Magic
  6750 | D:7      | Reached skill level 9 in Axes
  6772 | D:7      | Reached skill level 10 in Poison Magic
  6925 | D:7      | Identified the +1 robe "Xollyn" {Archmagi}
  7107 | D:7      | Found an ancient bone altar of Kikubaaqudgha.
  7337 | D:7      | Found a bloodstained altar of Trog.
  7337 | D:7      | Found an iron altar of Okawaru.
  7536 | D:7      | Became a worshipper of Warmaster Okawaru
  7840 | D:8      | Noticed a two-headed ogre
  7849 | D:8      | Killed a two-headed ogre
  7849 | D:8      | Reached * piety under Okawaru
  7850 | D:8      | Reached skill level 10 in Axes
  7850 | D:8      | Reached skill level 11 in Poison Magic
  7850 | D:8      | Reached skill level 3 in Invocations
  7850 | D:8      | Reached XP level 10. HP: 29/67 MP: 13/13
  7937 | D:8      | Noticed a two-headed ogre
  7949 | D:8      | Killed a two-headed ogre
  7949 | D:8      | Reached ** piety under Okawaru
  7950 | D:8      | Reached skill level 4 in Invocations
  7960 | D:8      | Reached skill level 5 in Invocations
  7960 | D:8      | Reached *** piety under Okawaru
  7973 | D:7      | Reached skill level 12 in Poison Magic
  8013 | D:8      | Reached skill level 6 in Invocations
  8105 | D:8      | Reached skill level 11 in Axes
  8218 | D:8      | Reached XP level 11. HP: 72/72 MP: 15/15
  8496 | D:9      | Reached **** piety under Okawaru
  8497 | D:9      | Reached skill level 7 in Invocations
  8498 | D:9      | Reached skill level 13 in Poison Magic
  8672 | D:9      | Reached skill level 8 in Invocations
  8908 | D:9      | Reached skill level 12 in Axes
  8913 | D:9      | Found a staircase to the Lair.
  9449 | D:10     | Entered Level 10 of the Dungeon
  9468 | D:10     | Reached skill level 2 in Dodging
  9475 | D:10     | Reached skill level 1 in Evocations
  9479 | D:10     | Reached ***** piety under Okawaru
  9517 | D:10     | Found a staircase to the Orcish Mines.
  9530 | D:10     | Reached skill level 2 in Armour
  9540 | D:10     | Received a gift from Okawaru
  9608 | D:10     | Found a stormy altar of Qazlal.
  9634 | D:10     | Reached skill level 2 in Throwing
  9638 | D:10     | Reached skill level 3 in Fighting
  9644 | D:10     | Reached skill level 3 in Spellcasting
  9644 | D:10     | Reached skill level 2 in Evocations
  9719 | D:10     | Noticed Nergalle
  9726 | D:10     | Mangled by a spectral orc knight

Illustrated notes

Levels and vault maps discovered:
D:1:      dpeg_cavernosity, layout_loops_ring, hellmonk_ecumenical_altar_run_dry
D:2:      layout_loops_ring, serial_shops, shop, basic_altar,
          nrook_loot_triangle, uniq_jessica
D:3:      layout_loops_ring, nicolae_overflow_hidden_temple
D:4:      wander_river, layout_loops_corners, amethyst_overflow_temple_binary,
          mainiacjoe_overflow_surrounded_room, temple_statues
D:5:      layout_layer_cave, minmay_misc_feat_roman
D:6:      layout_basic, evilmike_ruin_ashenzari, tso_metal_star,
          mainiacjoe_overflow_alcove_4
D:7:      layout_loops_corners, grunt_temple_overflow_bloody_war,
          kennysheep_vampire_church
D:8:      layout_rooms, serial_glass, glass_columns_b, glass_columns_b,
          minmay_fractal_squares_5
D:9:      layout_stronghold, erik_lair_orcish_takeover, roderic_roman_lattice,
          hangedman_abyss_or_decor_passed, minmay_misc_feat_enclosed
D:10:     layout_basic, mainiacjoe_overflow_brackets, orc_0_dummy,
          minmay_dual_archer_statues, uniq_nergalle
Temple:   jpeg_temple_clearing

Skill      XL: |  1  2  3  4  5  6  7  8  9 10 11 |
---------------+----------------------------------+-----
Axes           | 3 4 5 6 7 8 10 11 12 | 12.2
Poison Magic   | 2 4 6 8 11 12 13 | 13.0
Invocations    | 3 6 8 |  8.0
Dodging        | 2 |  2.5
Evocations     | 2 |  2.0
Armour         | 2 |  2.5
Throwing       | 2 |  2.2
Fighting       | 3 |  3.1
Spellcasting   | 3 |  3.0
Translocations | |  2.6

Action                   |  1- 3 |  4- 6 |  7- 9 | 10-12 || total
-------------------------+-------+-------+-------+-------++-------
Melee: Hand axe          |   110 |    77 |       |       ||   187
       Punch             |       |     1 |     1 |     8 ||    10
       War axe           |       |    49 |   289 |   309 ||   647
Throw: Dart              |       |     3 |     2 |     5 ||    10
Invok: Heroism           |       |       |       |     8 ||     8
       Finesse           |       |       |       |     1 ||     1
 Abil: Dig               |       |     1 |       |       ||     1
  Use: Scroll            |       |     3 |     7 |       ||    10
       Potion            |       |     2 |       |     1 ||     3
 Stab: Sleeping          |       |     1 |       |       ||     1
Armor: Leather armour    |    37 |    11 |       |       ||    48
       Ring mail         |       |    14 |    27 |       ||    41
       Scale mail        |       |       |    55 |       ||    55
       Chain mail        |       |       |    32 |   194 ||   226
Dodge: Dodged            |    54 |    95 |   229 |   232 ||   610
